 Dungeon Crawl Stone Soup version 0.22-a0-42-g002c468 (webtiles) character file.

50117 KristoblXynda the Covert (level 14, -1/70 HPs)
             Began as a Spriggan Skald on Jan 5, 2018.
             Was the Champion of Ashenzari.
             Killed by divine providence
             ... invoked by a meliai
              (12 damage)
             ... on level 5 of the Lair of Beasts.
             The game lasted 01:17:56 (29049 turns).

KristoblXynda the Covert (Spriggan Skald)          Turns: 29049, Time: 01:17:56

Health: -1/70      AC: 12    Str: 15    XL:     14   Next: 18%
Magic:  24/29      EV: 31    Int: 17    God:    Ashenzari [******]
Gold:   1559       SH:  9    Dex: 17    Spells: 23/33 levels left

rFire    . . .     SeeInvis +   i - +5 quick blade (curse)
rCold    . . .     Gourm    .   x - +0 buckler (curse)
rNeg     . . .     Faith    .   l - +3 troll leather armour (curse)
rPois    +         Spirit   .   a - +2 hat {MR+} (curse)
rElec    .         Reflect  .   w - +1 cloak (curse)
rCorr    .         Harm     .   (gloves unavailable)
MR       +++..     Clarity  +   (boots unavailable)
Stlth    ++++++....             y - amulet "Ukottyef" {RegenMP Str+3 Slay+2} (curse)
HPRegen  1.61/turn              e - ring of poison resistance (curse)
MPRegen  0.46/turn              C - +4 ring of strength (curse)

@: about to teleport, regenerating, very quick
A: very small, unfitting armour, see invisible, herbivore, speed 3, slow
metabolism 2
a: Curse Item, Scrying, Transfer Knowledge, Renounce Religion


You were on level 5 of the Lair of Beasts.
You worshipped Ashenzari.
Ashenzari was exalted by your worship.
You were not hungry.

You visited 4 branches of the dungeon, and saw 22 of its levels.
You also visited: Ice Cave.

You collected 1559 gold pieces.

Inventory:

Hand Weapons
 i - a cursed +5 quick blade (weapon)
Armour
 a - a cursed +2 hat of magic resistance (worn)
 l - a cursed +3 troll leather armour (worn)
 w - a cursed +1 cloak (worn)
 x - a cursed +0 buckler (worn)
Jewellery
 e - a cursed ring of poison resistance (left hand)
 y - the cursed amulet "Ukottyef" (around neck) {RegenMP Str+3 Slay+2}
   (You found it in an ice cave)

   [amulet of magic regeneration]

   It increases your magic regeneration.
   It affects your strength (+3).
   It affects your accuracy and damage with ranged weapons and melee attacks
   (+2).
   It has a curse placed upon it.
 C - a cursed +4 ring of strength (right hand)
Wands
 u - a wand of clouds (3)
Scrolls
 b - a scroll of enchant armour
 g - 12 scrolls of teleportation
 h - 4 scrolls of remove curse
 m - 5 scrolls of magic mapping
 n - a scroll of silence
 o - a scroll of holy word
 p - 4 scrolls of amnesia
 t - a scroll of blinking
 v - a scroll of immolation
 K - 3 scrolls of identify
Potions
 c - a potion of ambrosia
 f - 9 potions of curing
 j - 3 potions of brilliance
 k - 3 potions of might
 r - 5 potions of flight
 z - 3 potions of agility
 A - 4 potions of haste
 B - 2 potions of mutation
 D - 4 potions of lignification
 E - 2 potions of invisibility
 F - a potion of magic {unknown}
Miscellaneous
 q - a phial of floods
 s - a lamp of fire
Comestibles
 d - 36 rations


   Skills:
 - Level 6.0 Fighting
 + Level 7.5(12.0) Short Blades
 + Level 6.3 Armour
 - Level 11.8(15.9) Dodging
 - Level 12.3(16.4) Stealth
 - Level 6.1(9.2) Shields
 - Level 10.0 Spellcasting
 - Level 6.1(10.6) Conjurations
 - Level 6.7(11.2) Hexes
 - Level 10.0(14.2) Charms
 + Level 3.3(7.3) Air Magic
 + Level 10.9(15.1) Evocations


You had 23 spell levels left.
You knew the following spells:

 Your Spells              Type           Power        Failure   Level  Hunger
a - Infusion              Chrm           ####         1%          1    None
b - Regeneration          Chrm/Necr      ####......   1%          3    None
c - Spectral Weapon       Hex/Chrm       ######..     1%          3    None
d - Mephitic Cloud        Conj/Pois/Air  ####....     2%          3    None


Dungeon Overview and Level Annotations

Branches:
Dungeon (15/15)            Temple (1/1) D:6            Lair (5/6) D:9
  Swamp (1/4) Lair:4        Snake (0/4) Lair:3          Orc (0/2) D:11
 Vaults (0/5) D:13         Depths (0/5) D:15
  Slime: Lair:5-6

Altars:
Ashenzari
Cheibriados
Dithmenos
Elyvilon
Fedhas
Gozag
Hepliaklqana
Kikubaaqudgha
Makhleb
Nemelex Xobeh
Okawaru
Qazlal
Ru
Sif Muna
Trog
Uskayaw
Vehumet
Wu Jian
Xom
Yredelemnul
Zin
The Shining One

Shops:
D:6 :   D:11 ?   D:12 (}   D:13 *

Annotations:
D:3 Squigly's ghost, amateur DECj
D:8 Gastronok


Innate Abilities, Weirdness & Mutations

You are very small and have problems with some larger weapons.
You are too small for most types of armour.
You have supernaturally acute eyesight. (SInv)
You are a herbivore.
You cover ground extremely quickly.
You need consume almost no food.


Message History

The meliai mumbles some strange prayers to its god against you.
Something smites you!
* * * LOW HITPOINT WARNING * * *
You block the killer bee's attack.
The killer bee is engulfed in noxious fumes.
The killer bee appears confused.
The killer bee stings the elephant but does no damage.
The meliai calls down the wrath of its god upon you.
Something smites you!
* * * LOW HITPOINT WARNING * * *
The killer bee completely misses you.
The elephant is engulfed in noxious fumes.
The elephant barely misses the meliai.
The elephant trunk-slaps the meliai.
You hear an angry buzzing noise.
You feel better.
You hear an angry buzzing noise. x2
The killer bee stings something.
You block the killer bee's attack.
The meliai invokes the aid of its god against you.
Something smites you!
You die...

* ,
#...{#....#...#....## *
,**
..#.#.#..##...#.....# *
**{
.#.#P#..#..P......P# ,
*{#.#.#.#.##†...######
. { .#.#.#P###.###..##
* ,..#
#.#.#.†#####.....# ,,
#..##.#.#.P.P{...PPP.#
, ,
*#....#....##.y.....
,*#..##.†#†.##@Y##.{#,{
,** ,*#..##.##yy##yy#
., #..##..#..##.{##yy#
, ..##....#...###{.*.#
* *,...P.P{#.#.##{{*#
∆# * ,,, ####Y.# *##*{*
{, * ,* * * #P#, {*,{{
* ,{ **, { #.* , * ,{*
≈,≈ , , ,#., * ,{**≈{{
{


You could see an elephant (confused), a meliai and 6 killer bees.

Vanquished Creatures
  2 centaur warriors (D:13)
  5 hydras
  The ghost of galech the Grappler, a novice TrMo of Okawaru (D:10)
  A death knight (D:15)
  A two-headed ogre (D:10)
  A tengu warrior (D:14)
  Sonja (Lair:2)
  Nergalle (Lair:1)
  2 unseen horrors
  An unseen horror (shapeshifter) (D:13)
  11 ugly things
  2 orc knights (D:15)
  A cyclops (D:12)
  4 manticores
  A deep elf mage (D:12)
  3 ice statues (IceCv)
  A gargoyle (D:12)
  8 spiny frogs
  4 komodo dragons
  3 tengu conjurers
  4 polar bears (Lair:1)
  3 meliai (Lair:4)
  2 tyrant leeches (Lair:4)
  A queen bee (Lair:4)
  4 trolls
  A wind drake (shapeshifter) (D:15)
  A hornet (D:10)
  12 blink frogs
  8 hippogriffs
  39 yaks
  2 vampires (D:13)
  4 wraiths
  2 basilisks (Lair:2)
  4 wyverns
  A steam dragon (D:9)
  A hungry ghost (D:11)
  4 vampire mosquitoes (D:13)
  3 nagas (Lair:3)
  Edmund (D:5)
  A swamp worm (Lair:4)
  8 porcupines
  9 water moccasins
  10 orc warriors
  4 sky beasts
  9 black bears
  9 ice beasts
  2 phantoms
  7 centaurs
  7 ogres
  8 wolves
  A crocodile (shapeshifter) (D:13)
  7 crocodiles
  2 big kobolds
  10 bullfrogs
  A wyvern skeleton (D:9)
  A wyvern zombie (D:13)
  35 killer bees
  A scorpion (D:13)
  A vampire bat (Lair:4)
  7 wights
  4 howler monkeys
  6 crimson imps
  5 jellies
  Crazy Yiuf (D:5)
  3 bullfrog skeletons
  7 hounds
  8 orc priests
  4 centaur skeletons
  7 orc wizards
  6 hell rats (Lair:5)
  An iguana (D:9)
  7 worker ants
  A howler monkey skeleton (D:11)
  7 gnolls
  15 adders
  A shadow imp (D:15)
  3 oozes
  An adder zombie (D:8)
  2 adder skeletons (D:7)
  4 worms
  A dart slug (D:2)
  3 leopard geckos
  52 orcs
  6 giant cockroaches
  3 hobgoblins (D:1)
  26 jackals
  10 kobolds
  7 quokkas
  3 ball pythons
  15 bats
  A frilled lizard (D:1)
  9 goblins
  A leopard gecko zombie (D:6)
  A quokka skeleton (D:10)
  A quokka zombie (D:4)
  8 rats
  A bush (Lair:1)
  2 butterflies (D:6)
534 creatures vanquished.

Vanquished Creatures (others)
  A killer bee (Lair:4)
  An orc wizard (D:6)
  An orc (D:9)
  10 bushes (Lair:1)
  3 fungi
  3 plants
19 creatures vanquished.

Grand Total: 553 creatures vanquished

Notes
Turn   | Place    | Note
-------+----------+-------------------------------------------
     0 | D:1      | KristoblXynda the Spriggan Skald began the quest for the Orb.
     0 | D:1      | Reached XP level 1. HP: 10/10 MP: 5/5
    84 | D:1      | Reached XP level 2. HP: 9/14 MP: 1/6
   915 | D:1      | Reached skill level 5 in Charms
  1122 | D:1      | Reached XP level 3. HP: 10/18 MP: 8/8
  1127 | D:1      | Learned a level 3 spell: Regeneration
  1131 | D:1      | Learned a level 3 spell: Spectral Weapon
  1641 | D:2      | Reached XP level 4. HP: 21/22 MP: 1/9
  1930 | D:2      | Reached skill level 5 in Dodging
  1942 | D:2      | Noticed an ogre
  2280 | D:2      | Reached XP level 5. HP: 24/25 MP: 10/10
  4004 | D:3      | Reached XP level 6. HP: 30/30 MP: 8/11
  4009 | D:3      | Noticed Squigly's ghost (amateur DECj)
  4285 | D:4      | Reached skill level 1 in Stealth
  4501 | D:4      | Got an encrusted dagger
  4502 | D:4      | Identified the cursed +0 dagger "Worm's Wrath" {venom, MP-9 Int+2 Dex+5} (You found it on level 4 of the Dungeon)
  5055 | D:3      | Reached skill level 2 in Stealth
  5297 | D:4      | Reached skill level 3 in Stealth
  5301 | D:4      | Reached skill level 5 in Short Blades
  5638 | D:4      | Reached skill level 4 in Stealth
  5638 | D:4      | Reached XP level 7. HP: 14/33 MP: 3/12
  6186 | D:4      | Found a shattered altar of Ashenzari.
  6517 | D:4      | Became a worshipper of Ashenzari the Shackled
  6536 | D:5      | Entered Level 5 of the Dungeon
  6570 | D:5      | HP: 1/33 [centaur (5)]
  6965 | D:5      | Noticed Edmund
  7029 | D:5      | Killed Edmund
  7029 | D:5      | Reached skill level 5 in Stealth
  7960 | D:5      | Reached XP level 8. HP: 37/37 MP: 15/15
  8003 | D:5      | Found a runed door.
  8003 | D:5      | Reached skill level 6 in Stealth
  8133 | D:5      | Noticed Crazy Yiuf
  8144 | D:5      | Killed Crazy Yiuf
  8651 | D:6      | Found a staircase to the Ecumenical Temple.
  8666 | Temple   | Entered the Ecumenical Temple
  8996 | D:6      | Found a deep blue altar of Sif Muna.
  9096 | D:6      | Found Wiefywk's Book Shoppe.
  9272 | D:6      | Reached skill level 5 in Spellcasting
  9283 | D:6      | Reached skill level 7 in Stealth
  9507 | D:6      | Reached * piety under Ashenzari
  9507 | D:6      | Found a radiant altar of Vehumet.
  9507 | D:6      | Found a sacrificial altar of Ru.
  9519 | D:6      | Found a glowing silver altar of Zin.
 10295 | D:6      | Found a bloodstained altar of Trog.
 10951 | D:7      | Found a hazy altar of Hepliaklqana.
 10951 | D:7      | Found an ancient bone altar of Kikubaaqudgha.
 11036 | D:7      | Reached skill level 8 in Stealth
 11036 | D:7      | Reached XP level 9. HP: 41/41 MP: 15/18
 11048 | D:7      | Reached skill level 10 in Charms
 11268 | D:7      | Reached skill level 1 in Evocations
 11396 | D:7      | Reached skill level 1 in Shields
 11764 | D:8      | Noticed Gastronok
 11874 | D:8      | Reached skill level 9 in Stealth
 12029 | D:8      | Found an opulent altar of Gozag.
 12539 | D:9      | Noticed a komodo dragon
 12587 | D:9      | Killed a komodo dragon
 12677 | D:9      | Reached skill level 10 in Stealth
 12677 | D:9      | Reached skill level 5 in Evocations
 12805 | D:9      | Found a glowing golden altar of the Shining One.
 13113 | D:9      | Found a basalt altar of Yredelemnul.
 13116 | D:9      | Noticed a profane servitor
 13125 | D:9      | Reached XP level 10. HP: 45/46 MP: 22/22
 13132 | D:9      | Noticed an angel
 13205 | D:9      | Learned a level 3 spell: Mephitic Cloud
 13701 | D:9      | Found a staircase to the Lair.
 13872 | D:10     | Entered Level 10 of the Dungeon
 14164 | D:10     | Identified a scroll of acquirement
 14602 | D:10     | Noticed galech's ghost (novice TrMo)
 14627 | D:10     | Killed galech's ghost
 14837 | D:10     | Noticed a two-headed ogre
 14858 | D:10     | Killed a two-headed ogre
 15380 | D:11     | Reached XP level 11. HP: 40/53 MP: 8/25
 15665 | D:11     | Reached ** piety under Ashenzari
 16141 | D:11     | Found a staircase to the Orcish Mines.
 16156 | D:11     | Found Otesehi's Magic Scroll Shop.
 16616 | D:12     | Noticed a four-headed hydra
 16644 | D:12     | Killed a four-headed hydra
 16676 | D:12     | Reached skill level 5 in Shields
 16686 | D:12     | Reached skill level 10 in Spellcasting
 17361 | D:12     | Found Tiunu Ebunn's Antique Weapon Boutique.
 17434 | D:12     | Reached skill level 1 in Armour
 17775 | D:12     | Noticed a deep elf mage
 17886 | D:12     | Killed a deep elf mage
 18084 | D:12     | Found Waong's Gadget Shop.
 18439 | D:13     | Noticed a centaur warrior
 18457 | D:13     | Killed a centaur warrior
 18457 | D:13     | Reached skill level 10 in Evocations
 18490 | D:13     | Noticed a centaur warrior
 18511 | D:13     | Killed a centaur warrior
 18512 | D:13     | Found a frozen archway.
 18537 | IceCv    | Entered an ice cave
 18857 | IceCv    | Reached XP level 12. HP: 58/58 MP: 27/27
 19230 | IceCv    | Reached skill level 1 in Conjurations
 19474 | IceCv    | Reached skill level 10 in Dodging
 19787 | IceCv    | Identified the amulet "Ukottyef" {RegenMP Str+3 Slay+2}
 19937 | D:13     | Reached *** piety under Ashenzari
 19964 | D:13     | Reached skill level 5 in Fighting
 19976 | D:13     | Found Oskoogiu's General Store.
 20500 | D:13     | Found a gate to the Vaults.
 21152 | D:14     | Noticed a tengu warrior
 21703 | D:14     | Killed a tengu warrior
 22230 | D:14     | Noticed a seven-headed hydra
 22601 | D:14     | Reached skill level 1 in Hexes
 23056 | D:15     | Entered Level 15 of the Dungeon
 23259 | D:15     | Noticed a four-headed hydra
 23276 | D:15     | Killed a four-headed hydra
 23298 | D:15     | Noticed a fire dragon
 23301 | D:15     | Noticed an ice dragon
 23363 | D:15     | Reached skill level 11 in Stealth
 23393 | D:15     | Reached XP level 13. HP: 50/63 MP: 16/28
 23452 | D:15     | Reached **** piety under Ashenzari
 24122 | D:15     | Found a staircase to the Depths.
 24478 | Lair:1   | Entered Level 1 of the Lair of Beasts
 24686 | Lair:1   | Noticed Nergalle
 24744 | Lair:1   | Killed Nergalle
 24744 | Lair:1   | Reached skill level 5 in Conjurations
 24941 | Lair:1   | Reached skill level 5 in Hexes
 24951 | Lair:1   | Reached skill level 12 in Stealth
 24992 | Lair:1   | Reached skill level 5 in Armour
 25840 | Lair:2   | Noticed Sonja
 25859 | Lair:2   | Killed Sonja
 25877 | Lair:2   | Reached ***** piety under Ashenzari
 26403 | Lair:2   | Reached skill level 1 in Air Magic
 26968 | Lair:3   | Found a staircase to the Snake Pit.
 27321 | Lair:3   | Identified the +3 leather armour of Greed {rElec rN+ MR+ Str-3}
 27843 | Lair:4   | Reached XP level 14. HP: 35/70 MP: 15/29
 27998 | Lair:4   | Reached ****** piety under Ashenzari
 28082 | Lair:4   | Found a staircase to the Swamp.
 28617 | Swamp:1  | Entered Level 1 of the Swamp
 29048 | Lair:5   | HP: 2/70 [meliai/divine providence (13)]
 29049 | Lair:5   | Killed from afar by a meliai

Vault maps used:
D:1:      wheals_arrival_shading
D:3:      st_stairs_6
D:4:      ashenzari_conservatory_becter, serial_bayou, serial_bayou_pond_b,
          serial_bayou_shore_a, serial_bayou_lagoon_b, serial_bayou_shore_b,
          saegor_snake_ambush
D:5:      first_ration, uniq_edmund, uniq_crazy_yiuf_cottage
D:6:      nicolae_overflow_hidden_temple, gammafunk_temple_overflow_forgotten,
          minmay_temple_entry_butterflies, serial_shops,
          nicolae_shop_statue_plus, grunt_ministairs_9,
          hangedman_abyss_or_decor_stagger, trog_ov_bears_minmay
D:7:      gammafunk_temple_overflow_statue
D:8:      lemuel_coloured_pillars_altar, uniq_gastronok
D:9:      grunt_temple_overflow_holy_war, erik_lair_dragon
D:11:     orc_0_dummy, serial_shops, nicolae_shop_trees, serial_curves,
          eino_curves_01, eino_curves_03
D:12:     serial_shops, shop_fountains, shop_coins, grunt_tengu_nest
D:13:     david_vaults_4, portal_ice_cave_entry_pillars_2, serial_shops, shop
D:15:     grunt_enter_depths_hoard, minmay_misc_feat_iff
Temple:   minmay_temple_forest_path
Lair:1:   beast_lair_carwin_large_3, st_stairs_9, minmay_hedge_maze,
          minivault_27, uniq_nergalle
Lair:2:   serial_bayou_crossing, uniq_sonja
Lair:3:   minmay_snake_entry_guardpost_small
Lair:4:   minmay_swamp_entry_worms, special_room, roderic_batcave
Lair:5:   regret_index_wax_grids
Swamp:1:  hangedman_swamp_blocks
IceCv:    ice_cave_statue_garden_chambered

Skill      XL: |  1  2  3  4  5  6  7  8  9 10 11 12 13 14 |
---------------+-------------------------------------------+-----
Dodging        | 4 5 6 9 11 | 11.8
Charms         | 5 6 7 8 9 10 | 10.0
Short Blades   | 3 4 5 6 7 |  7.5
Stealth        | 4 5 8 10 11 12 | 12.3
Spellcasting   | 4 5 7 9 10 | 10.0
Evocations     | 5 8 10 | 10.9
Shields        | 2 4 6 |  6.1
Fighting       | 4 5 6 |  6.0
Armour         | 2 4 6 |  6.3
Conjurations   | 4 5 6 |  6.1
Hexes          | 3 6 |  6.7
Air Magic      | 2 3 |  3.3

Action                   |  1- 3 |  4- 6 |  7- 9 | 10-12 | 13-15 || total
-------------------------+-------+-------+-------+-------+-------++-------
Melee: Short sword       |    20 |       |       |       |       ||    20
       Dagger            |   132 |   374 |   603 |   134 |       ||  1243
       Quick blade       |       |       |       |   892 |   792 ||  1684
 Cast: Infusion          |    11 |    19 |    23 |    34 |     1 ||    88
       Regeneration      |       |       |    10 |    12 |     2 ||    24
       Mephitic Cloud    |       |       |       |    10 |    41 ||    51
       Spectral Weapon   |       |       |       |       |     4 ||     4
Invok: Curse Item        |       |       |     2 |     3 |     1 ||     6
Evoke: Wand              |       |       |     5 |    40 |       ||    45
       Lamp of fire      |       |       |       |       |     1 ||     1
  Use: Scroll            |     5 |     6 |     8 |    18 |     6 ||    43
       Potion            |       |     5 |     5 |     2 |     4 ||    16
 Stab: Sleeping          |       |     1 |    15 |    33 |    33 ||    82
       Paralysed         |       |       |       |     7 |       ||     7
       Confused          |       |       |       |    10 |    51 ||    61
       Distracted        |       |       |       |     2 |     2 ||     4
  Eat: Ration            |       |     2 |     4 |     6 |     4 ||    16
Armor: Robe              |    11 |    13 |    30 |    35 |       ||    89
       Skin              |       |    13 |    19 |       |       ||    32
       Troll leather arm |       |       |       |     7 |    27 ||    34
Dodge: Dodged            |   142 |   185 |   337 |   288 |   325 ||  1277
Block: Buckler           |       |       |    14 |   163 |   145 ||   322

Table legend:
 A = Spawn XP
 B = Non-spawn XP
 C = Spawn XP percentage of total XP
 D = Spawn monster count
 E = Non-spawn monster count
 F = Spawn count percentage of total count
 G = Total turns spent on level
                    A         B        C        D         E        F      G
               +---------+---------+-------+---------+---------+-------+---------
         Total |       0 |   71597 |   0.0 |       0 |     533 |   0.0 | 29049
               +---------+---------+-------+---------+---------+-------+---------
           D:1 |       0 |      45 |   0.0 |       0 |      24 |   0.0 |  1320
           D:2 |       0 |     161 |   0.0 |       0 |      23 |   0.0 |  1567
           D:3 |       0 |     247 |   0.0 |       0 |      37 |   0.0 |  1932
           D:4 |       0 |     399 |   0.0 |       0 |      12 |   0.0 |  1776
           D:5 |       0 |     935 |   0.0 |       0 |      18 |   0.0 |  2100
           D:6 |       0 |     809 |   0.0 |       0 |      22 |   0.0 |  1910
           D:7 |       0 |     891 |   0.0 |       0 |      20 |   0.0 |   783
           D:8 |       0 |     588 |   0.0 |       0 |      13 |   0.0 |   667
           D:9 |       0 |    2977 |   0.0 |       0 |      39 |   0.0 |  1724
          D:10 |       0 |    2644 |   0.0 |       0 |      18 |   0.0 |  1394
          D:11 |       0 |    2511 |   0.0 |       0 |      18 |   0.0 |  1424
          D:12 |       0 |    7174 |   0.0 |       0 |      40 |   0.0 |  2029
          D:13 |       0 |    7748 |   0.0 |       0 |      41 |   0.0 |  1538
          D:14 |       0 |    4611 |   0.0 |       0 |      14 |   0.0 |  1437
          D:15 |       0 |    8268 |   0.0 |       0 |      29 |   0.0 |  1237
        Lair:1 |       0 |    7583 |   0.0 |       0 |      36 |   0.0 |  1288
        Lair:2 |       0 |    6993 |   0.0 |       0 |      24 |   0.0 |   949
        Lair:3 |       0 |    5272 |   0.0 |       0 |      28 |   0.0 |   848
        Lair:4 |       0 |    3323 |   0.0 |       0 |      35 |   0.0 |  1098
        Lair:5 |       0 |    5097 |   0.0 |       0 |      31 |   0.0 |   385
         IceCv |       0 |    3321 |   0.0 |       0 |      11 |   0.0 |  1322
               +---------+---------+-------+---------+---------+-------+---------
